 Dungeon Crawl Stone Soup version 0.31-a0-121-g1e386dd289 (webtiles) character file.

Game seed: 5973922903812893539

46 ketsa the Shield-Bearer (level 3, -8/29 HPs)
             Began as a Formicid Fighter on May 31, 2023.
             Was a Follower of Makhleb.
             Mangled by Terence
             ... wielding a +5 mace of protection
              (10 damage)
             ... on level 2 of the Dungeon.
             The game lasted 00:02:29 (1113 turns).

ketsa the Shield-Bearer (Formicid Fighter)          Turns: 1113, Time: 00:02:30

Health: -8/29      AC:  8    Str: 19 (22) XL:     3   Next: 95%
Magic:  3/3        EV:  9    Int:  5 (7)  God:    Makhleb [*.....]
Gold:   84         SH:  4    Dex: 10 (13) Spells: 2/2 levels left

rFire   . . .        a - +0 war axe
rCold   . . .        c - +0 buckler
rNeg    . . .        b - +0 scale mail
rPois   .            (helmet unavailable)
rElec   .            k - +0 cloak
rCorr   .            (no gloves)
SInv    +            (no boots)
Will    .....        (no amulet) Stlth
                     (no ring)
HPRegen 0.24/turn    (no ring)
MPRegen 0.08/turn

%: no passive effects
@: mighty
A: permanent stasis, dig shafts and tunnels, antennae 3, four strong arms
a: Dig, Shaft Self, Renounce Religion


You were on level 2 of the Dungeon.
You worshipped Makhleb.
Makhleb was aware of your devotion.
You visited 1 branch of the dungeon, and saw 2 of its levels.

You collected 84 gold pieces.

Inventory:

Hand Weapons
 a - a +0 war axe (weapon)
Armour
 b - a +0 scale mail (worn)
 c - a +0 buckler (worn)
 j - a +0 chain mail
 k - a +0 cloak (worn)
Scrolls
 e - 2 scrolls of teleportation {unknown}
 f - a scroll of identify {unknown}
 g - a scroll of silence {unknown}
 i - a scroll of noise {unknown}


   Skills:
 - Level 3.2 Fighting
 * Level 3.3 Axes
 - Level 3.2 Armour
 + Level 4.8 Shields


You had 2 spell levels left.
You didn't know any spells.
Your spell library contained the following spells:

 Spells                   Type           Power      Damage    Failure   Level
 Call Canine Familiar     Summ           0%         N/A       99%         3
 Portal Projectile        Hex/Tloc       0%         N/A       99%         3
 Leda's Liquefaction      Hex/Erth       0%         N/A       100%        4


Dungeon Overview and Level Annotations

Branches:
Dungeon (2/15)

Altars:
Makhleb

Shops:
D:1 :

Annotations:
D:2 1 runed translucent door, Crazy Yiuf, Terence


Innate Abilities, Weirdness & Mutations

You cannot be hasted, slowed, berserked, paralysed or teleported.
You can dig through walls and to a lower floor.
You have a pair of large antennae on your head. (SInv)
Your four strong arms can wield two-handed weapons with a shield.


Message History

Terence is severely wounded.
Terence hits you with a +5 mace of protection.
You barely miss Terence.
Terence is severely wounded.
Terence completely misses you.
Terence hits you with a +5 mace of protection!
* * * LOW HITPOINT WARNING * * *
You barely miss Terence.
Terence is severely wounded.
Terence barely misses you.
You feel very mighty all of a sudden. Terence closely misses you.
You closely miss Terence.
Terence is severely wounded.
You block Terence's attack. Terence closely misses you.
You barely miss Terence.
Terence is severely wounded.
You block Terence's attack.
You closely miss Terence.
Terence is severely wounded.
Terence closely misses you.
You completely miss Terence.
Terence is severely wounded.
Terence misses you. Terence closely misses you.
You barely miss Terence.
Terence is severely wounded.
Terence hits you with a +5 mace of protection.
* * * LOW HITPOINT WARNING * * *
You barely miss Terence.
Terence is severely wounded.
Terence hits you with a +5 mace of protection.
* * * LOW HITPOINT WARNING * * *
It was a potion of degeneration.
There was something very wrong with that liquid.
You feel weakened.
You feel dopey.
You feel clumsy. You block Terence's attack.
You closely miss Terence.
Terence is severely wounded.
Terence hits you with a +5 mace of protection!
You die...

...#.##
......
.....### ##
#^..... #.
#>...# #...#
#.#######..#
#..........#
#####@####.##
#@# #...# #.
..# #...# ##
#.## #...# #.
##.## ######
#? #.#
###...#. #.
#.# ##......#
#.
#†###......##
#......#..##


You could see Terence.

Vanquished Creatures
  An adder (D:2)
  2 dart slugs
  2 ball pythons (D:1)
  4 giant cockroaches
  3 goblins (D:1)
  4 hobgoblins
  3 kobolds
  A quokka (D:2)
  5 bats
  6 rats
31 creatures vanquished.

Notes
Turn   | Place    | Note
-------+----------+-------------------------------------------
     0 | D:1      | ketsa the Formicid Fighter began the quest for the Orb.
     0 | D:1      | Reached XP level 1. HP: 18/18 MP: 1/1
   127 | D:1      | Reached XP level 2. HP: 24/24 MP: 2/2
   325 | D:1      | Found Coig's Book Shop.
   479 | D:1      | Reached XP level 3. HP: 29/29 MP: 3/3
   548 | D:1      | Found a faded altar of an unknown god.
   556 | D:1      | Prayed at the altar of an unknown god.
   556 | D:1      | Became a worshipper of Makhleb the Destroyer
   556 | D:1      | Reached * piety under Makhleb
  1043 | D:2      | Found a runed translucent door.
  1044 | D:2      | Noticed Crazy Yiuf
  1087 | D:2      | Noticed Terence
  1103 | D:2      | HP: 1/29 [Terence/+5 mace of protection (10)]
  1113 | D:2      | Mangled by Terence

Illustrated notes

Levels and vault maps discovered:
D:1:      minmay_arrival_open_corners, layout_basic, serial_shops,
          nicolae_shop_tiny_glass, basic_ecumenical_altar, minmay_cupped
D:2:      layout_loops_ring, solitary_fountain, uniq_jessica, uniq_terence,
          uniq_crazy_yiuf_cottage

Skill      XL: |  1  2  3 |
---------------+----------+-----
Axes           | 3 |  3.3
Fighting       | |  3.2
Armour         | |  3.2
Shields        | |  4.8

Action                     || total
---------------------------++-------
  Melee: War axe           ||   116
    Use: Potion            ||     2
 Armour: Scale mail        ||    48
  Dodge: Dodged            ||    65
  Block: Buckler           ||    35

Table legend: (Time is in decaauts)
 A = Elapsed time spent in this place.
 B = Non-inter-level travel time spent in this place.
 C = Inter-level travel time spent in this place.
 D = Time resting spent in this place.
 E = Time spent auto-exploring this place.
 F = Levels seen in this place.
 G = Mean time per level.
                   A        B        C        D        E       F      G
               +--------+--------+--------+--------+--------+-----+--------+
         Total |   1156 |   1153 |      3 |    161 |    625 |   2 |  578.0 |
       Dungeon |   1156 |   1153 |      3 |    161 |    625 |   2 |  578.0 |
               +--------+--------+--------+--------+--------+-----+--------+

Top non-repeatable levels by time:
     D:1: 708 daAuts
     D:2: 447 daAuts
